Map: Eternal Empire LE

Players

ViBE

  • Race: Protoss Protoss
  • League: Grandmaster
  • Spawn Location: 7:00

A.I. 2 (Medium) - Winner!

  • Race: Zerg Zerg
  • Spawn Location: 1:00

VOD

Have the link to the VOD?

Description

Time

  • Played on: July 26, 2020, 7:17 p.m.
  • Length: 13:01
Show
View Real Time Build Order
Export as new Build Order

ViBE Protoss 

Build Orders: 1 Gate Expand, Chargelot Immortal 

Get SALT Encoding   

  12  0:00  Probe  
  13  0:12  Probe  
  14  0:20  Pylon  
  14  0:25  Probe  
  15  0:35  Probe  
  15  0:39  Gateway  
  16  0:43  Probe  
  16  0:46  Assimilator  
  17  0:52  Probe  
  18  1:04  Probe  
  19  1:16  Probe  
  20  1:28  Probe  
  21  1:34  Nexus  
  21  1:38  Cybernetics Core  
  21  1:42  Probe  
  21  1:45  Assimilator  
  22  1:52  Pylon  
  22  2:04  Stalker  
  22  2:09  Probe  
  22  2:14  Warp Gate  
  25  2:21  Probe  
  26  2:23  Twilight Council  
  26  2:33  Probe  
  27  2:39  Adept  
  27  2:43  Probe x2  
  29  2:44  Resonating Glaives  
  31  2:51  Probe  
  31  2:52  Probe  
  33  3:00  Probe  
  33  3:01  Probe  
  33  3:03  Gateway  
  35  3:12  Gateway  
  35  3:16  Adept  
  35  3:19  Probe  
  38  3:21  Probe  
  39  3:31  Probe  
  39  3:33  Shield Battery, Probe  
  41  3:37  Pylon  
  41  3:43  Probe  
  43  3:48  Probe  
  43  3:55  Probe  
  44  3:58  Pylon  
  44  4:00  Probe  
  45  4:04  Adept x2  
  45  4:07  Probe, Adept  
  52  4:12  Probe  
  53  4:19  Probe  
  53  4:20  Nexus  
  54  4:24  Probe  
  54  4:25  Stargate  
  54  4:29  Stargate  
  55  4:32  Assimilator  
  55  4:34  Assimilator  
  55  4:37  Pylon  
  55  4:40  Probe x2  
  55  4:45  Sentry x2  
  59  4:52  Probe  
  62  4:54  Pylon  
  62  4:55  Probe  
  62  4:56  Zealot  
  65  5:04  Probe  
  66  5:07  Probe  
  67  5:16  Protoss Air Weapons Level 1  
  67  5:17  Probe  
  67  5:18  Charge  
  68  5:21  Robotics Facility  
  68  5:26  Phoenix  
  70  5:28  Zealot x3  
  70  5:30  Pylon  
  70  5:34  Pylon  
  76  5:39  Phoenix  
  76  5:42  Probe x3  
  81  5:47  Phoenix  
  81  5:54  Probe x2  
  81  5:55  Phoenix  
  81  5:56  Probe  
  88  6:06  Probe  
  88  6:07  Probe  
  88  6:08  Probe  
  88  6:09  Immortal  
  95  6:11  Zealot x2  
  95  6:15  Pylon  
  99  6:18  Probe  
  99  6:19  Probe  
  99  6:20  Probe  
  99  6:22  Zealot  
  104  6:28  Gateway  
  104  6:31  Probe x2, Gateway  
  104  6:32  Probe  
  107  6:36  Gateway  
  107  6:45  Phoenix  
  109  6:49  Immortal  
  109  6:50  Phoenix  
  109  6:52  Probe x3  
  104  6:58  Assimilator  
  104  6:59  Assimilator  
  104  7:00  Zealot x2  
  108  7:02  Zealot  
  108  7:04  Probe  
  111  7:18  Nexus  
  111  7:19  Pylon  
  111  7:21  Phoenix x2  
  111  7:22  Pylon  
  115  7:27  Probe x2  
  117  7:37  Probe  
  117  7:38  Pylon  
  117  7:39  Probe  
  117  7:41  Pylon  
  117  7:42  Pylon  
  119  7:46  Forge  
  119  7:49  Fleet Beacon  
  119  7:50  Templar Archives  
  123  7:53  Observer  
  123  7:55  Zealot x2  
  124  8:05  Protoss Ground Weapons Level 1  
  124  8:12  Zealot x4  
  132  8:15  Immortal  
  136  8:22  Zealot x2  
  140  8:31  Probe x3  
  140  8:32  Probe  
  140  8:33  Assimilator  
  140  8:34  Psionic Storm  
  144  8:36  Protoss Air Weapons Level 2  
  144  8:37  Assimilator, Zealot x4  
  152  8:51  Pylon  
  152  8:55  Pylon  
  152  8:58  Pylon  
  152  9:02  Probe x3  
  155  9:09  High Templar x6  
  167  9:11  Nexus  
  167  9:14  Pylon  
  167  9:17  Pylon  
  167  9:25  Immortal  
  171  9:37  Unknown  
  171  9:41  Zealot  
  171  9:42  Zealot x5  
  183  9:48  Probe x3  
  186  10:00  Gateway  
  186  10:02  Gateway  
  186  10:04  Immortal  
  186  10:05  Pylon  
  190  10:09  High Templar  
  190  10:10  High Templar x4  
  200  10:15  Archon x2  
  200  10:37  Stargate  
  200  10:38  Stargate  
  200  10:40  Stargate  
  200  10:41  Gateway  
  200  10:43  Gateway  
  200  10:46  Gateway x2  
  200  10:55  Gateway x2  
  200  10:56  Gateway  
  200  10:58  Gateway  
  200  11:00  Gateway  
  198  11:51  Archon  
  198  11:52  Archon x2  
Show
View Real Time Build Order
Export as new Build Order

A.I. 2 (Medium) Zerg - Winner!

Build Orders: 1 Base Baneling Bust, Pool First 

Get SALT Encoding   

  12  0:00  Drone  
  13  0:12  Overlord  
  13  0:16  Drone  
  14  0:30  Drone  
  14  0:33  Drone  
  16  0:43  Spawning Pool  
  16  0:45  Drone  
  16  0:50  Drone  
  16  0:54  Extractor  
  16  0:55  Drone  
  17  1:06  Overlord  
  17  1:31  Zergling x2  
  17  1:32  Queen  
  20  1:36  Zergling x2  
  20  1:38  Drone  
  20  1:39  Roach Warren  
  21  1:44  Extractor  
  20  1:49  Drone  
  21  1:56  Baneling Nest  
  21  2:00  Drone  
  21  2:10  Drone  
  22  2:21  Zergling x2  
  23  2:32  Zergling x2  
  24  2:38  Overlord  
  24  2:39  Zergling x2  
  25  2:44  Zergling x2  
  25  2:49  Zergling x2  
  27  2:54  Baneling x3, Zergling x2  
  28  3:05  Zergling x2  
  29  3:10  Overlord, Zergling x2  
  30  3:15  Zergling x2  
  31  3:20  Baneling x2, Zergling x2  
  31  3:26  Baneling  
  32  3:28  Zergling x2  
  33  3:36  Evolution Chamber  
  33  3:38  Drone  
  33  3:43  Drone  
  33  3:45  Drone  
  35  3:48  Drone  
  35  3:52  Drone  
  37  4:01  Drone  
  38  4:12  Drone  
  39  4:27  Zergling x2  
  39  6:06  Lair, Roach, Overlord  
  39  6:08  Drone, Spore Crawler  
  39  6:09  Spore Crawler  
  39  6:11  Drone  
  41  6:12  Evolution Chamber  
  41  6:13  Hatchery  
  41  6:14  Drone  
  41  6:17  Drone  
  41  6:24  Drone, Roach, Overlord  
  44  6:34  Spine Crawler  
  44  6:35  Drone  
  44  6:39  Ravager  
  45  6:43  Roach  
  45  6:47  Spine Crawler  
  45  6:49  Drone  
  35  6:57  Zergling x2  
  35  7:03  Queen, Overseer x2  
  35  7:06  Drone, Hydralisk Den  
  35  7:08  Infestation Pit  
  36  7:09  Drone  
  36  7:10  Spire  
  36  7:11  Ravager  
  36  7:12  Drone  
  36  7:15  Roach  
  40  7:26  Drone  
  40  7:28  Spore Crawler  
  40  7:29  Drone  
  41  7:32  Drone  
  41  7:34  Hydralisk  
  41  7:35  Drone  
  45  7:40  Drone  
  45  7:43  Drone  
  47  7:45  Drone  
  47  7:48  Drone  
  49  7:53  Drone  
  49  7:57  Drone  
  51  7:59  Hydralisk, Spore Crawler  
  51  8:00  Drone  
  51  8:03  Drone  
  54  8:06  Drone  
  54  8:08  Drone  
  56  8:14  Queen  
  56  8:15  Hydralisk  
  56  8:18  Overlord  
  60  8:21  Overseer  
  60  8:26  Spine Crawler  
  59  8:30  Spine Crawler  
  58  8:36  Drone, Overlord, Hydralisk  
  58  8:39  Drone  
  62  8:42  Drone  
  62  8:45  Drone  
  62  8:48  Drone  
  65  8:51  Drone  
  65  8:54  Drone  
  65  8:55  Overlord  
  67  8:57  Drone  
  68  9:40  Extractor  
  68  9:42  Extractor  
  68  9:43  Drone  
  67  10:02  Drone  
  67  10:05  Drone  
  69  10:08  Drone  
  69  10:11  Drone  
  71  10:35  Corruptor, Pneumatized Carapace  
  71  10:36  Hive, Overseer, Overlord x3  
  71  10:37  Zerg Melee Weapons Level 1, Zerg Ground Armor Level 1  
  73  10:47  Infestor  
  75  10:58  Corruptor  
  58  11:10  Infestor  
  60  11:13  Hatchery  
  59  11:19  Burrow  
  59  11:21  Zergling x2  
  60  11:48  Greater Spire  
  60  11:49  Ultralisk Cavern  
  59  12:26  Drone  
  59  12:29  Drone  
  63  12:32  Drone  
  63  12:35  Drone  
  65  12:38  Drone  
  65  12:39  Extractor  
  65  12:40  Spore Crawler  
  65  12:41  Drone  
  65  12:42  Spore Crawler  
  65  12:43  Extractor  
  65  12:44  Drone  
  64  12:47  Drone  
Tags
 
Add a new tag
Caveats
  • Supply blocks, unpowered buildings, or Contaminate may cause inaccurate times.
  • Supply counts are checked every 10 seconds.